 Dungeon Crawl Stone Soup version 0.29.1-15-g9cfb28693d (webtiles) character file.

Game seed: 5668716704624162137

291 Farfigtubin the Chopper (level 6, -3/56 HPs)
             Began as a Hill Orc Fighter on Mar 6, 2023.
             Killed from afar by a white imp (4 damage)
             ... with a puff of frost
             ... on level 5 of the Dungeon.
             The game lasted 00:12:11 (3340 turns).

Farfigtubin the Chopper (Hill Orc Fighter)          Turns: 3340, Time: 00:12:12

Health: -3/56      AC:  9    Str: 21    XL:     6   Next: 32%
Magic:  6/6        EV:  9    Int:  8    God:
Gold:   295        SH:  9    Dex: 10    Spells: 5/5 levels left

rFire   . . .      SeeInvis .   a - +0 war axe
rCold   . . .      Faith    .   c - +0 buckler
rNeg    . . .      Spirit   .   b - +0 scale mail
rPois   .          Reflect  +   g - +0 helmet
rElec   .          Harm     .   (no cloak)
rCorr   .          Rampage  .   (no gloves)
Will    .....                   k - +0 pair of boots
Stlth   ..........              e - amulet of reflection
HPRegen 0.18/turn               (no ring)
MPRegen 0.10/turn               (no ring)

@: mighty
A: no striking features
a: no special abilities


You were on level 5 of the Dungeon.
You visited 1 branch of the dungeon, and saw 5 of its levels.

You collected 295 gold pieces.

Inventory:

Hand Weapons
 a - a +0 war axe (weapon)
Missiles
 i - a throwing net
 j - 35 stones
 v - 4 poisoned darts (quivered)
 C - 3 javelins
Armour
 b - a +0 scale mail (worn)
 c - a +0 buckler (worn)
 g - a +0 helmet (worn)
 k - a +0 pair of boots (worn)
Jewellery
 e - an amulet of reflection (around neck)
 z - a ring of fire
Scrolls
 f - a scroll of magic mapping {unknown}
 m - 2 scrolls of torment {unknown}
 n - a scroll of blinking {unknown}
 p - a scroll of teleportation {unknown}
 q - a scroll of immolation {unknown}
 r - 2 scrolls of identify {unknown}
 s - a scroll of silence {unknown}
 x - a scroll of amnesia {unknown}
 y - 4 scrolls of vulnerability {unknown}
 A - a scroll of poison {unknown}
 B - a scroll of acquirement {unknown}
Potions
 d - a potion of might
 h - 2 potions of lignification {unknown}
 l - 2 potions of curing {unknown}
 o - 2 potions of brilliance {unknown}
 t - a potion of attraction {unknown}
 u - a potion of haste {unknown}
 w - a potion of invisibility {unknown}


   Skills:
 + Level 5.1 Fighting
 * Level 6.3 Axes
 - Level 3.2 Armour
 + Level 4.7 Shields


You had 5 spell levels left.
You didn't know any spells.
Your spell library contained the following spells:

 Spells                   Type           Power      Damage    Failure   Level
 Beastly Appendage        Tmut           0%         N/A       83%         1
 Freeze                   Ice            0%         1d3       83%         1
 Blink                    Tloc           0%         N/A       93%         2
 Wereblood                Tmut           0%         N/A       93%         2
 Frozen Ramparts          Ice            0%         1d1       99%         3
 Spider Form              Tmut/Pois      0%         N/A       99%         3
 Tukima's Dance           Hex            0%         N/A       99%         3
 Hailstorm                Conj/Ice       0%         3d3       100%        4
 Passage of Golubria      Tloc           0%         N/A       100%        4
 Manifold Assault         Tloc           0%         N/A       100%        5
 Yara's Violent Unravell  Hex/Tmut       0%         3d3       100%        5
 Storm Form               Tmut/Air       0%         N/A       100%        7


Dungeon Overview and Level Annotations

Branches:
Dungeon (5/15)
 Temple: D:4-7

Altars:
Gozag
Makhleb
Trog
Vehumet

Annotations:
D:4 1 runed translucent door, Crazy Yiuf


Message History

a +0 dagger; a kobold skeleton
There is a large open door here.
There is an open door here.
Crazy Yiuf whimpers, "Proton leg hand!"
Crazy Yiuf says, "Papa dark sallow!"
Crazy Yiuf yells, "Fire ladder testudinal!"
There is a stone staircase leading down here.
You climb downwards.
There is a stone staircase leading up here.
You open the door.
There is an open door here.
You open the door.
An ogre comes into view. It is wielding a +0 giant club.
The ogre shouts!
The ogre moves out of view.
A white imp comes into view.
The white imp shouts, "Get thee gone, thou gorbellied milk-livered zombie-fodder!"
The ogre hits you with a +0 giant club!
There is an open door, spattered with blood here.
You hit the ogre.
The ogre is moderately wounded.
You hit the ogre but do no damage.
The ogre is moderately wounded.
The ogre hits you with a +0 giant club!
You closely miss the ogre.
The ogre is moderately wounded.
The ogre hits you with a +0 giant club!
You feel very mighty all of a sudden.
The white imp hits you but does no damage.
The ogre hits you with a +0 giant club!!
* * * LOW HITPOINT WARNING * * *
You slash the ogre!
The ogre is severely wounded.
You closely miss the white imp. The white imp gestures at you.
The puff of frost reflects off an invisible shield around you!
The puff of frost hits the white imp.
The white imp resists.
The white imp gestures at you. The puff of frost hits you.
You die...

#....<#.###
#.......#
#.......#
#.......#.
#.......#.
#.......#.###
######.###..#
#..##O5#
#.####@#
#.'....#
###.88.#
#.88.# #....#
######


You could see an ogre and a white imp.

Vanquished Creatures
  A scorpion (D:4)
  7 adders
  7 gnolls
  2 worms
  2 dart slugs
  13 orcs
  4 endoplasms
  5 giant cockroaches
  3 goblins
  8 hobgoblins
  2 jackals (D:2)
  8 kobolds
  6 quokkas
  2 ball pythons
  5 bats
  2 frilled lizards
  5 rats
82 creatures vanquished.

Notes
Turn   | Place    | Note
-------+----------+-------------------------------------------
     0 | D:1      | Farfigtubin the Hill Orc Fighter began the quest for the
                  | Orb.
     0 | D:1      | Reached XP level 1. HP: 19/19 MP: 1/1
    46 | D:1      | Reached skill level 3 in Axes
   147 | D:1      | Reached XP level 2. HP: 27/27 MP: 2/2
   291 | D:2      | Reached XP level 3. HP: 32/33 MP: 3/3
   560 | D:3      | Reached skill level 4 in Axes
   677 | D:3      | Reached XP level 4. HP: 3/40 MP: 4/4
  1803 | D:2      | Found a faded altar of an unknown god.
  1854 | D:2      | Reached skill level 5 in Axes
  2085 | D:3      | Found a bloodstained altar of Trog.
  2091 | D:3      | Reached XP level 5. HP: 44/47 MP: 5/5
  2118 | D:3      | Found a radiant altar of Vehumet.
  2815 | D:4      | Reached skill level 5 in Fighting
  2815 | D:4      | Reached skill level 6 in Axes
  2815 | D:4      | Reached XP level 6. HP: 56/56 MP: 6/6
  2848 | D:4      | Found an opulent altar of Gozag.
  2859 | D:4      | Found a burning altar of Makhleb.
  3025 | D:4      | Found a runed translucent door.
  3026 | D:4      | Noticed Crazy Yiuf
  3309 | D:5      | Entered Level 5 of the Dungeon
  3339 | D:5      | HP: 1/56 [ogre/+0 giant club (23)]
  3340 | D:5      | Killed from afar by a white imp

Illustrated notes

Levels and vault maps discovered:
D:1:      mushboom_english_gardens, layout_basic
D:2:      minmay_evil_eye, layout_basic, basic_ecumenical_altar
D:3:      layout_basic, lemuel_doored_altar, general_overflow_altar,
          kennysheep_nondescript
D:4:      layout_gridville, mainiacjoe_overflow_swirl, uniq_crazy_yiuf_cottage
D:5:      minmay_chambers_of_fours, layout_rooms, serial_shops,
          nicolae_lakefront_shop, uniq_edmund

Skill      XL: |  1  2  3  4  5 |
---------------+----------------+-----
Axes           | 3 4 5 6 |  6.3
Fighting       | 4 5 |  5.1
Shields        | 4 |  4.7
Armour         | |  3.2

Action                   |  1- 3 |  4- 6 || total
-------------------------+-------+-------++-------
Melee: War axe           |    77 |   141 ||   218
Throw: Dart              |       |     2 ||     2
  Use: Potion            |       |     1 ||     1
Armor: Scale mail        |    20 |    55 ||    75
Dodge: Dodged            |    21 |    52 ||    73
Block: Buckler           |    40 |    64 ||   104
       Reflection        |     5 |     2 ||     7
